 Dungeon Crawl Stone Soup version 0.16-a0-2860-gef4c3f3 (webtiles) character file.

27452 Johnny the Destroyer (level 12, -11/93 (97) HPs)
             Began as a Demigod Conjurer on Nov 30, 2014.
             Mangled by a seven-headed hydra (12 damage)
             ... on level 5 of the Lair of Beasts.
             The game lasted 01:19:45 (24023 turns).

Johnny the Destroyer (Demigod Conjurer)            Turns: 24023, Time: 01:19:46

HP:   -11/93 (97)   AC:  9    Str: 14    XL:     12   Next: 68%
MP:   21/40         EV: 16    Int: 25    God:
Gold: 727           SH:  0    Dex: 18    Spells: 6 memorised, 5 levels left

rFire  + . .     SeeInvis .     l - lantern of shadows
rCold  . . .     Clarity  .     C - +2 leather armour {rF+}
rNeg   + . .     SustAb   +     (no shield)
rPois  .         Gourm    +     (no helmet)
rElec  .         Spirit   .     Q - +0 cloak
rCorr  .         Warding  .     U - +1 pair of gloves {Str+3}
rMut   .         Stasis   .     (no boots)
MR     +....                    L - amulet of the gourmand
Stlth  ..........               g - ring of magical power
                                F - ring of positive energy

@: very slightly contaminated, somewhat resistant to hostile enchantments,
extremely unstealthy
A: sustain abilities
a: no special abilities


You were on level 5 of the Lair of Beasts.
You were very full.

You visited 2 branches of the dungeon, and saw 16 of its levels.
You also visited: Labyrinth and Volcano.

You collected 1192 gold pieces.
You spent 465 gold pieces at shops.

Inventory:

Hand weapons
 V - a +2 mace of protection
Armour
 r - a +3 ring mail of fire resistance
 C - a +2 leather armour of fire resistance (worn)
 Q - a +0 cloak (worn)
 U - a +1 pair of gloves of strength (worn)
Jewellery
 g - a ring of magical power (right hand)
 o - a +2 ring of evasion
 y - an uncursed ring of protection from fire
 A - an uncursed ring of invisibility
 F - a ring of positive energy (left hand)
 L - an amulet of the gourmand (around neck)
Magical devices
 a - a wand of polymorph (12)
 j - a wand of lightning (5)
 E - a wand of slowing (12)
 H - a wand of slowing (32)
 K - a wand of confusion (22)
 T - a wand of slowing (13)
Scrolls
 b - 3 scrolls of fog
 c - a scroll of enchant weapon
 e - 3 scrolls of recharging {unknown}
 f - a scroll of enchant armour
 i - 2 scrolls of blinking
 p - a scroll of magic mapping
 u - 2 scrolls of noise {unknown}
 v - a scroll of silence {unknown}
 w - a scroll of torment {unknown}
 B - a scroll of teleportation
 G - 2 scrolls of immolation {unknown}
 M - a scroll of summoning {unknown}
 N - 9 scrolls of remove curse
 P - a scroll of brand weapon {unknown}
 R - a scroll of holy word
Potions
 h - a potion of agility
 k - 2 potions of brilliance {unknown}
 n - a potion of might
 q - a potion of cancellation {unknown}
 s - 2 potions of lignification
 t - 3 potions of curing
 x - a potion of haste {unknown}
 z - 4 potions of restore abilities
 I - a potion of degeneration {unknown}
 Y - a potion of heal wounds {unknown}
Books
 O - a Fen Folio

   Spells                             Type                      Level
   a - Corpse Rot                     Necromancy                   2
   b - Stone Arrow                    Conjuration/Earth            3
   c - Leda's Liquefaction            Hexes/Earth                  4
   d - Summon Forest                  Summoning/Translocation      5
   e - Hydra Form                     Transmutation                6
   f - Summon Hydra                   Summoning                    7
 S - a book of Transfigurations

   Spells                             Type                      Level
   a - Stoneskin                      Transmutation/Earth          2
   b - Irradiate                      Conjuration/Transmutation    5
   c - Statue Form                    Transmutation/Earth          6
   d - Hydra Form                     Transmutation                6
   e - Dragon Form                    Transmutation                7
 X - a book of Spatial Translocations

   Spells                             Type                      Level
   a - Apportation                    Translocation                1
   b - Blink                          Translocation                2
   c - Shroud of Golubria             Charms/Translocation         2
   d - Portal Projectile              Translocation                3
   e - Teleport Other                 Translocation                3
   f - Passage of Golubria            Translocation                4
Miscellaneous
 l - a lantern of shadows (in hand)
 W - a crystal ball of energy
Comestibles
 d - 3 beef jerkies
 m - a slice of pizza
 D - 2 bread rations
 J - 16 fruits


   Skills:
 + Level 6.9 Fighting
 - Level 5.7 Armour
 + Level 6.7 Dodging
 - Level 1.7 Stealth
 + Level 8.2 Spellcasting
 + Level 9.5 Conjurations
 + Level 3.3 Charms
 + Level 3.1 Necromancy
 * Level 3.8 Ice Magic
 + Level 5.5 Earth Magic
 * Level 9.4 Evocations


You had 5 spell levels left.
You knew the following spells:

 Your Spells              Type           Power        Failure   Level  Hunger
a - Magic Dart            Conj           ##..         1%          1    None
b - Iskenderun's Mystic   Conj           ##......     1%          4    ##.....
c - Dazzling Spray        Conj/Hex       #.......     2%          3    None
d - Iskenderun's Battles  Conj/Chrm      ##......     14%         5    ####...
e - Passwall              Trmt/Erth      #.........   8%          3    None
f - Simulacrum            Ice/Necr       #.........   99%         6    ######.


Dungeon Overview and Level Annotations

Branches:
Dungeon (11/15)            Temple (0/1) D:7            Lair (5/8) D:11
 Shoals (0/5) Lair:5        Snake (0/5) Lair:4          Orc (0/4) D:9

Shops:
D:4 [   D:10 *=[}*

Annotations:
D:4 Engwar's ghost, experienced TrHu


Innate Abilities, Weirdness & Mutations

Your attributes are resistant to harm.


Message History

The fungus is lightly damaged.
Casting: Dazzling Spray
Confirm with . or Enter, or press ? or * to list all spells.
Aiming: Dazzling Spray
Press: ? - help, Shift-Dir - straight line, f/p - seven-headed hydra
Aim: a seven-headed hydra (almost dead)
You feel an extremely numb sensation.
The spray of energy hits the seven-headed hydra.
The seven-headed hydra is almost dead.
The spray of energy hits the fungus.
The fungus is moderately damaged.
The seven-headed hydra bites you but does no damage.
The seven-headed hydra bites you.
* * * LOW HITPOINT WARNING * * *
The seven-headed hydra closely misses you.
The seven-headed hydra bites you!
* * * LOW HITPOINT WARNING * * *
The seven-headed hydra bites you but does no damage.
The seven-headed hydra bites you!
You die...

##P..##
###.....W>.....#..##
##...### ##....PW..........
##..P.###P....##..........
#.....##P....#.#WW#......
#.#..†..####...>..##.......
#......#.#..P...##........
##.......##.....P.........
#....#P.D.#...........W#..
##...###.@............#...
##### ##P.............#.#
#.P........P.#####
###.....W.P..#.# ##
#..............###.
##PPP...........#.P
##....P...........
#........W...##..
##...P#.....#....


You could see a seven-headed hydra.

Vanquished Creatures
  A minotaur (Lab)
  2 hydras
  2 hill giants (D:10)
  The ghost of Engwar the Covert, an experienced OpAs of Ru (D:7)
  An unseen horror (D:10)
  A manticore (D:11)
  A gargoyle (D:8)
  A spiny frog (Lair:1)
  A troll (D:9)
  3 komodo dragons
  A tengu conjurer (D:10)
  A raven (D:10)
  A two-headed ogre (D:10)
  A blink frog (Lair:1)
  18 yaks
  A basilisk (D:11)
  A shadow (Lair:5)
  A deep elf mage (D:10)
  2 wyverns
  A hungry ghost (D:10)
  A deep elf fighter (D:11)
  3 hippogriffs
  A yellow wasp (D:11)
  3 black bears
  2 ice beasts (D:8)
  2 orc warriors (D:10)
  A porcupine (Lair:4)
  A phantom (D:8)
  3 sky beasts
  3 ogres
  5 centaurs
  3 necrophages
  A crocodile (D:11)
  A brain worm (D:9)
  6 giant frogs
  A big kobold (D:8)
  4 scorpions
  A killer bee (D:11)
  8 wights
  A centaur zombie (D:9)
  5 crimson imps
  3 goliath beetles (D:8)
  A giant frog zombie (D:5)
  6 orc priests
  A jelly (D:5)
  11 hounds
  A giant frog skeleton (D:5)
  12 orc wizards
  2 centaur skeletons
  2 iguanas
  A gnoll shaman (D:7)
  4 worker ants
  A sheep (Lair:4)
  Ijyb (D:2)
  A hound skeleton (D:6)
  A mummy (D:8)
  A worker ant zombie (D:5)
  A river rat (D:11)
  9 adders
  8 gnolls
  2 giant mites
  4 shadow imps
  3 worms
  An adder zombie (D:7)
  An adder skeleton (D:8)
  2 giant geckos
  An ooze (D:2)
  62 orcs
  A bat zombie (D:5)
  2 giant cockroaches
  13 goblins
  17 hobgoblins
  9 jackals
  11 quokkas
  A ball python (D:1)
  29 bats
  A giant cockroach zombie (D:6)
  A giant gecko skeleton (D:5)
  2 giant gecko zombies (D:5)
  4 giant newts
  3 giant spores
  13 kobolds
  An orc zombie (D:5)
  A quokka skeleton (D:8)
  27 rats
  2 ballistomycetes (D:6)
379 creatures vanquished.

Vanquished Creatures (collateral kills)
  2 hydras
  A tengu warrior (D:10)
  A hill giant (D:11)
  An orc knight (Volcano)
  A griffon (Lair:5)
  An ugly thing (D:11)
  A black mamba (Lair:4)
  8 spiny frogs
  A torpor snail (Lair:4)
  6 elephants (Lair:3)
  2 molten gargoyles (Volcano)
  9 komodo dragons
  A raven (D:10)
  12 blink frogs
  A basilisk (Lair:5)
  16 yaks
  A shadow (Lair:1)
  7 hippogriffs
  2 fire bats (Volcano)
  6 nagas (Lair:4)
  4 wolves (Lair:4)
  5 water moccasins
  6 orc warriors
  3 porcupines
  2 black bears
  12 crocodiles
  A brain worm (D:11)
  A scorpion (Lair:2)
  10 giant frogs
  3 killer bees (D:11)
  2 lava snakes (Volcano)
  8 hounds
  4 iguanas
  9 sheep (Lair:4)
  4 adders
  20 river rats
  4 quokkas
  A rat (D:11)
179 creatures vanquished.

Vanquished Creatures (others)
  6 trapdoor spiders
  2 redbacks (Lair:4)
  A yak (D:9)
  84 shadows
  7 spiders
  2 orc wizards (D:7)
  A fungus (Lair:3)
  2 plants
105 creatures vanquished.

Grand Total: 663 creatures vanquished

Notes
Turn   | Place    | Note
--------------------------------------------------------------
     0 | D:1      | Johnny, the Demigod Conjurer, began the quest for the Orb.
     0 | D:1      | Reached XP level 1. HP: 14/14 MP: 3/3
   332 | D:1      | Reached XP level 2. HP: 19/22 MP: 4/4
   616 | D:1      | Reached skill level 1 in Fighting
  1034 | D:2      | Reached XP level 3. HP: 28/28 MP: 0/8
  1226 | D:2      | Reached skill level 1 in Armour
  1495 | D:2      | Reached skill level 4 in Conjurations
  1559 | D:2      | Noticed Ijyb
  1582 | D:2      | Killed Ijyb
  1582 | D:2      | Reached XP level 4. HP: 27/35 MP: 0/11
  1848 | D:2      | Found a shadowy altar of Dithmenos.
  1998 | D:2      | Found a sacrificial altar of Ru.
  2432 | D:3      | Learned a level 4 spell: Iskenderun's Mystic Blast
  2553 | D:3      | Found a radiant altar of Vehumet.
  2821 | D:3      | Reached XP level 5. HP: 40/40 MP: 9/13
  3097 | D:3      | Found a white marble altar of Elyvilon.
  3391 | D:4      | Found Evopuap's Antique Armour Emporium.
  3394 | D:4      | Bought a dyed leather armour for 48 gold pieces
  3420 | D:4      | Noticed Engwar's ghost (experienced TrHu)
  3648 | D:4      | Reached skill level 1 in Evocations
  3731 | D:4      | Learned a level 3 spell: Dazzling Spray
  3789 | D:5      | Entered Level 5 of the Dungeon
  3805 | D:5      | HP: 2/41 [scorpion (7)]
  4106 | D:5      | Reached XP level 6. HP: 38/48 MP: 7/17
  5115 | D:5      | Paralysed by an orc for 4 turns
  5304 | D:5      | Reached XP level 7. HP: 54/56 MP: 19/19
  5648 | D:6      | Reached skill level 5 in Conjurations
  5997 | D:6      | Learned a level 5 spell: Iskenderun's Battlesphere
  6396 | D:7      | Noticed Engwar's ghost (experienced OpAs)
  6437 | D:7      | Reached XP level 8. HP: 56/63 MP: 21/21
  6689 | D:7      | Found a staircase to the Ecumenical Temple.
  7280 | D:7      | Killed Engwar's ghost
  7280 | D:7      | Reached skill level 6 in Conjurations
  7385 | D:7      | Reached skill level 5 in Spellcasting
  7385 | D:7      | Reached skill level 5 in Evocations
  8357 | D:7      | Reached XP level 9. HP: 71/71 MP: 24/24
  8370 | D:7      | Noticed a moth of wrath
  8373 | D:7      | Found a bloodstained altar of Trog.
  8600 | D:8      | Found an iron altar of Okawaru.
  8821 | D:8      | Noticed a gargoyle
  8826 | D:8      | Killed a gargoyle
  9005 | D:8      | Found a blossoming altar of Fedhas.
  9199 | D:8      | Learned a level 3 spell: Passwall
  9547 | D:8      | Reached skill level 7 in Conjurations
 10098 | D:8      | Reached skill level 1 in Earth Magic
 10396 | D:8      | Found a glowing silver altar of Zin.
 10683 | D:9      | Reached XP level 10. HP: 44/76 MP: 4/27
 11332 | D:9      | Found a staircase to the Orcish Mines.
 11373 | D:9      | Found a shattered altar of Ashenzari.
 11819 | D:9      | Reached skill level 5 in Dodging
 12163 | D:9      | Reached skill level 8 in Conjurations
 12565 | D:10     | Entered Level 10 of the Dungeon
 12565 | D:10     | Found Waifitatt's General Store.
 12565 | D:10     | Found Jatarop Iripp's Gadget Shoppe.
 12569 | D:10     | Reached skill level 5 in Fighting
 12576 | D:10     | Bought a +0 war axe of venom for 74 gold pieces
 12577 | D:10     | Bought a sack of spiders for 240 gold pieces
 12580 | D:10     | Found Qipt's Jewellery Boutique.
 12633 | D:10     | Reached skill level 5 in Armour
 13010 | D:10     | Found Ofuacoott's Antique Armour Emporium.
 13019 | D:10     | Bought a pair of runed gloves for 103 gold pieces
 13246 | D:10     | Found Coyfear's Assorted Antiques.
 13420 | D:10     | Noticed a tengu warrior
 13442 | D:10     | Killed a tengu warrior
 13876 | D:10     | Killed an unseen horror
 13876 | D:10     | Reached XP level 11. HP: 38/84 MP: 14/28
 15992 | D:11     | Found a staircase to the Lair.
 16006 | Lair:1   | Entered Level 1 of the Lair of Beasts
 16016 | Lair:1   | Reached skill level 9 in Conjurations
 16174 | Lair:1   | Noticed a five-headed hydra
 16196 | Lair:1   | Killed a five-headed hydra
 16250 | Lair:1   | Learned a level 6 spell: Simulacrum
 16709 | Lair:1   | Reached skill level 1 in Necromancy
 16724 | Lair:1   | Reached skill level 1 in Charms
 17138 | Lair:2   | Found a dark tunnel.
 17145 | Volcano  | Entered a volcano
 17362 | Volcano  | Found a burning altar of Makhleb.
 17397 | Volcano  | Reached skill level 1 in Ice Magic
 19786 | Lair:3   | Reached XP level 12. HP: 87/93 MP: 26/30
 19802 | Lair:3   | Found a labyrinth entrance.
 19809 | Lab      | Entered a labyrinth
 20396 | Lab      | Noticed a minotaur
 20425 | Lab      | Killed a minotaur
 22096 | Lair:4   | Reached skill level 5 in Earth Magic
 22433 | Lair:4   | Found a staircase to the Snake Pit.
 22796 | Lair:4   | Noticed a four-headed hydra
 22808 | Lair:4   | Killed a four-headed hydra
 23110 | Lair:5   | Noticed a six-headed hydra
 23124 | Lair:5   | Killed a six-headed hydra
 23664 | Lair:5   | Found a staircase to the Shoals.
 23987 | Lair:5   | Noticed a seven-headed hydra
 23991 | Lair:5   | Killed a seven-headed hydra
 23999 | Lair:5   | Noticed a seven-headed hydra
 24023 | Lair:5   | HP: 1/93 [seven-headed hydra (12)]
 24023 | Lair:5   | Mangled by a seven-headed hydra

Action                   |  1- 3 |  4- 6 |  7- 9 | 10-12 || total
-------------------------+-------+-------+-------+-------++-------
Melee: Dagger            |    48 |     8 |    19 |       ||    75
       Hand axe          |       |    27 |       |       ||    27
       Long sword        |       |       |    41 |    11 ||    52
       Mace              |       |       |       |    58 ||    58
 Cast: Magic Dart        |    55 |   285 |   474 |   204 ||  1018
       Dazzling Spray    |       |     2 |    69 |   229 ||   300
       Iskenderun's Myst |       |       |     6 |    84 ||    90
       Iskenderun's Batt |       |       |       |     2 ||     2
Evoke: Wand              |       |     1 |    24 |    50 ||    75
       Sack of spiders   |       |       |       |     9 ||     9
  Use: Potion            |       |     4 |     1 |     2 ||     7
       Scroll            |       |     4 |     3 |    15 ||    22
 Stab: Paralysed         |       |     6 |    12 |       ||    18
       Invisible         |       |       |     1 |     8 ||     9
  Eat: Chunk             |     2 |    12 |    17 |    49 ||    80
       Fruit             |       |       |     2 |     6 ||     8
       Royal jelly       |       |       |       |     1 ||     1
